 Dungeon Crawl Stone Soup version 0.22.1-2-g9c5b331 (webtiles) character file.

3005 diana the Cleaver (level 9, -3/78 HPs)
             Began as a Barachi Fighter on Nov 22, 2018.
             Was a High Priest of Jiyva.
             Slain by Joseph
             ... wielding a +0 quarterstaff of crushing
              (11 damage)
             ... on level 9 of the Dungeon.
             The game lasted 00:10:59 (6576 turns).

diana the Cleaver (Barachi Fighter)                 Turns: 6576, Time: 00:10:59

Health: -3/78      AC: 14    Str: 25    XL:     9   Next: 84%
Magic:  8/8        EV: 17    Int:  8    God:    Jiyva [*****.]
Gold:   186        SH:  4    Dex: 12    Spells: 8/8 levels left

rFire    . . .     SeeInvis .   (weapon currently unavailable)
rCold    . . .     Gourm    .   (shield currently unavailable)
rNeg     + + +     Faith    .   (armour currently unavailable)
rPois    +         Spirit   .   (helmet currently unavailable)
rElec    .         Reflect  +   (cloak currently unavailable)
rCorr    +         Harm     .   (gloves currently unavailable)
MR       .....                  (boots currently unavailable)
Stlth    +.........             C - +4 amulet of reflection
HPRegen  0.23/turn              p - +4 ring of dexterity
MPRegen  0.11/turn              l - +2 ring of protection

@: fungus-form
A: tiny, +LOS, swims, low mp 1
a: Request Jelly, Slimify, Cure Bad Mutation, Renounce Religion


You were on level 9 of the Dungeon.
You worshipped Jiyva.
Jiyva was extremely pleased with you.
You were not hungry.
You were a sentient fungus.
You visited 2 branches of the dungeon, and saw 10 of its levels.
You also visited: Ossuary.

You collected 510 gold pieces.
You spent 324 gold pieces at shops.

Inventory:

Hand Weapons
 a - a +0 war axe
 j - a +0 broad axe (melded)
Armour
 b - a +0 scale mail (melded)
 c - a +0 shield (melded)
 t - a +1 helmet (melded)
 v - a +0 cloak (melded)
Jewellery
 l - a +2 ring of protection (right hypha)
 p - a +4 ring of dexterity (left hypha)
 w - an uncursed amulet of faith
 z - an uncursed ring of protection from magic
 C - a +4 amulet of reflection (around neck)
Wands
 x - a wand of acid (11)
Scrolls
 h - 4 scrolls of remove curse {unknown}
 i - 3 scrolls of teleportation {unknown}
 o - 5 scrolls of random uselessness {unknown}
 q - 2 scrolls of fear {unknown}
 s - a scroll of blinking {unknown}
 u - 5 scrolls of identify {unknown}
 y - a scroll of amnesia {unknown}
 B - a scroll of torment {unknown}
 D - a scroll of immolation {unknown}
Potions
 d - 2 potions of might
 e - a potion of degeneration
 g - 2 potions of curing
 k - 2 potions of heal wounds
 m - a potion of invisibility
 n - 2 potions of haste {unknown}
 r - a potion of lignification {unknown}
 A - a potion of magic {unknown}
 E - a potion of mutation {unknown}
 F - a potion of brilliance
Comestibles
 f - 15 rations


   Skills:
 + Level 9.9 Fighting
 * Level 11.8 Axes
 - Level 3.6 Armour
 - Level 3.2 Shields


You had 8 spell levels left.
You didn't know any spells.
Your spell library was empty.

Dungeon Overview and Level Annotations

Branches:
Dungeon (9/15)             Temple (1/1) D:4
   Lair: D:8-11         Orc: D:9-12

Altars:
Ashenzari
Dithmenos
Elyvilon
Fedhas
Hepliaklqana
Nemelex Xobeh
Okawaru
Qazlal
Ru
Trog
Vehumet
Wu Jian
Xom
Yredelemnul
Zin
The Shining One
Jiyva

Shops:
D:7 =   D:8 =

Annotations:
D:9 Joseph


Innate Abilities, Weirdness & Mutations

Shadows flee at your approach. (+LOS)
You can swim through water.
((You cover ground slowly.))
((You can hop short distances.))
((You are partially covered in thin metallic scales. (AC +2)))
Your magical capacity is low. (-10% MP)
((You have acidic saliva.))


Message History

Joseph wields an uncursed quarterstaff of crushing.
You block Joseph's attack.
You barely miss Joseph. The orc warrior closely misses you.
Unknown command.
You release spores at Joseph.
Joseph is lightly wounded.
Joseph says, "It's nothing personal, but I have to kill you."
Joseph hits you but does no damage.
The orc warrior hits you with a trident!
* * * LOW HITPOINT WARNING * * *
You completely miss Joseph.
Joseph is lightly wounded.
Joseph zaps a wand.
You easily resist.
You barely miss Joseph.
Joseph is lightly wounded.
The orc warrior hits you but does no damage.
You release spores at Joseph!
Joseph is lightly wounded.
Joseph hits you with an uncursed quarterstaff of crushing!
You die...

### #.........#
#.........#
##.........#
##.###.....## #..#
####.## ##.## ##
###.#######
#....(†...####
#....)fo.....#
#.....@......#
................#
####.............#
##............#
##..(........#
##..........#
#.###.....## ##
####.#


You could see Joseph and an orc warrior.

Vanquished Creatures
  A hippogriff (D:8)
  A spriggan (D:7)
  A hungry ghost (D:8)
  Edmund (D:6)
  A water moccasin (D:8)
  3 orc warriors
  A sky beast (D:8)
  3 ogres
  3 big kobolds
  A bullfrog (D:8)
  A scorpion (D:4)
  4 crimson imps
  3 centaur zombies (Ossuary)
  A human zombie (Ossuary)
  5 orc priests
  2 hounds
  4 orc wizards
  A centaur skeleton (D:5)
  An iguana (D:6)
  7 worker ants
  3 mummies
  Robin (D:3)
  9 adders
  2 shadow imps
  An ooze (D:3)
  An adder zombie (D:8)
  An adder skeleton (D:6)
  2 worms (D:2)
  A dart slug (D:2)
  5 leopard geckos
  31 orcs
  3 bats
  2 giant cockroaches
  11 goblins
  11 hobgoblins
  4 jackals (D:6)
  6 quokkas
  A ball python (D:7)
  8 frilled lizards
  2 goblin zombies (Ossuary)
  A hobgoblin zombie (Ossuary)
  19 kobolds
  3 rats
  A fungus (D:7)
174 creatures vanquished.

Vanquished Creatures (others)
  An oklob plant (D:7)
  A hippogriff (D:7)
  A phantom (D:6)
  A scorpion (D:6)
  8 jellies
  2 hounds
  4 orc priests
  4 orc wizards
  A mummy (Ossuary)
  An ooze (D:6)
  2 adders
  A leopard gecko (D:4)
  8 orcs
  A giant cockroach (D:6)
  A goblin zombie (Ossuary)
  2 kobolds (D:7)
  5 fungi (D:7)
44 creatures vanquished.

Grand Total: 218 creatures vanquished

Notes
Turn   | Place    | Note
-------+----------+-------------------------------------------
     0 | D:1      | diana the Barachi Fighter began the quest for the Orb.
     0 | D:1      | Reached XP level 1. HP: 18/18 MP: 1/1
   289 | D:1      | Reached XP level 2. HP: 17/25 MP: 2/2
   449 | D:1      | Reached skill level 3 in Axes
   711 | D:2      | Reached XP level 3. HP: 30/30 MP: 3/3
  1507 | D:2      | Reached XP level 4. HP: 29/38 MP: 4/4
  1514 | D:2      | Reached skill level 4 in Axes
  1671 | D:3      | Noticed Robin
  1690 | D:3      | Killed Robin
  2363 | D:3      | Found a basalt altar of Yredelemnul.
  2416 | D:3      | Found a white marble altar of Elyvilon.
  2474 | D:3      | Found a shimmering altar of Xom.
  2554 | D:3      | Found a shadowy altar of Dithmenos.
  2590 | D:3      | Paralysed by a crimson imp for 7 turns
  2625 | D:3      | Reached XP level 5. HP: 43/43 MP: 5/5
  2636 | D:3      | Reached skill level 5 in Fighting
  2636 | D:3      | Reached skill level 5 in Axes
  2759 | D:4      | Reached XP level 6. HP: 30/51 MP: 6/6
  3028 | D:4      | Found a staircase to the Ecumenical Temple.
  3040 | Temple   | Entered the Ecumenical Temple
  3054 | Temple   | Became a worshipper of Jiyva Jaoj the Shapeless
  3112 | D:4      | Found a glowing golden altar of the Shining One.
  3112 | D:4      | Found a shattered altar of Ashenzari.
  3114 | D:4      | Reached * piety under Jiyva
  3117 | D:4      | Reached skill level 6 in Axes
  3189 | D:4      | Reached ** piety under Jiyva
  3243 | D:4      | Found an ornate altar of the Wu Jian Council.
  3247 | D:4      | Noticed an orc warrior
  3260 | D:4      | Killed an orc warrior
  3611 | D:5      | Entered Level 5 of the Dungeon
  3733 | D:5      | Reached XP level 7. HP: 58/58 MP: 7/7
  3873 | D:5      | Reached skill level 7 in Axes
  4056 | D:5      | Found a blossoming altar of Fedhas.
  4504 | D:6      | Reached *** piety under Jiyva
  4504 | D:6      | Gained mutation: You have acidic saliva. [Jiyva's grace]
  4505 | D:6      | Found a sand-covered staircase.
  4511 | Ossuary  | Entered an ossuary
  4599 | Ossuary  | Reached skill level 8 in Axes
  4607 | Ossuary  | Reached XP level 8. HP: 52/67 MP: 8/8
  4887 | D:6      | Noticed Edmund
  4892 | D:6      | Reached **** piety under Jiyva
  4898 | D:6      | Killed Edmund
  4898 | D:6      | Reached skill level 9 in Axes
  4911 | D:6      | Gained mutation: You are partially covered in thin metallic
                  | scales. (AC +2) [Jiyva's grace]
  4914 | D:6      | Reached ***** piety under Jiyva
  4977 | D:6      | Found a hazy altar of Hepliaklqana.
  5025 | D:6      | Gained mutation: Your muscles are strong. (Str +2) [Jiyva's
                  | grace]
  5410 | D:7      | Found a sparkling altar of Nemelex Xobeh.
  5440 | D:7      | Found a sacrificial altar of Ru.
  5473 | D:7      | Lost mutation: Your muscles are strong. (Str +2) [Jiyva's
                  | grace]
  5509 | D:7      | Noticed a spriggan baker
  5516 | D:7      | Killed a spriggan baker
  5516 | D:7      | Reached skill level 10 in Axes
  5516 | D:7      | Reached XP level 9. HP: 58/75 MP: 9/9
  5533 | D:7      | Found Hysmik Lut's Jewellery Shop.
  5542 | D:7      | Bought a +4 amulet of reflection for 324 gold pieces
  5664 | D:7      | Found a glowing silver altar of Zin.
  5739 | D:7      | Gained mutation: Your magical capacity is low. (-10% MP)
                  | [Jiyva's grace]
  5765 | D:7      | Noticed an oklob plant
  5778 | D:7      | Killed an oklob plant
  5778 | D:7      | Reached skill level 11 in Axes
  6033 | D:8      | Found a stormy altar of Qazlal.
  6272 | D:8      | Found Piazyafu's Jewellery Shoppe.
  6561 | D:9      | Noticed Joseph
  6576 | D:9      | Slain by Joseph

Skill      XL: |  1  2  3  4  5  6  7  8  9 |
---------------+----------------------------+-----
Fighting       | 4 5 6 7 8 9 |  9.9
Axes           | 3 4 5 6 8 10 11 | 11.8
Armour         | |  3.6
Shields        | |  3.2

Action                   |  1- 3 |  4- 6 |  7- 9 || total
-------------------------+-------+-------+-------++-------
Melee: War axe           |   105 |   140 |       ||   245
       Broad axe         |       |    46 |   279 ||   325
       Bite              |       |       |    27 ||    27
       Unarmed           |       |       |     6 ||     6
  Use: Potion            |       |     5 |       ||     5
  Eat: Chunk             |     3 |     4 |     2 ||     9
       Ration            |       |     1 |       ||     1
Armor: Scale mail        |    41 |    85 |   107 ||   233
       Skin              |       |       |     2 ||     2
Dodge: Dodged            |    32 |    47 |    67 ||   146
Block: Shield            |    52 |    94 |   144 ||   290
       Reflection        |       |       |     4 ||     4
       Other             |       |       |     1 ||     1
